 Dungeon Crawl Stone Soup version 0.27.0-1-g7a089689b8 (webtiles) character file.

Game seed: 8229633198201322151

118 rogsnak the Firebug (level 5, -8/42 HPs)
             Began as a Naga Fire Elementalist on Aug 14, 2021.
             Mangled by an iguana (11 damage)
             ... on level 4 of the Dungeon.
             The game lasted 00:06:22 (3457 turns).

rogsnak the Firebug (Naga Fire Elementalist)        Turns: 3457, Time: 00:06:23

Health: -8/42      AC:  2    Str: 10    XL:     5   Next: 2%
Magic:  1/9        EV: 10    Int: 16    God:
Gold:   99         SH:  0    Dex: 12    Spells: 4/9 levels left

rFire    . . .     SeeInvis +   m - +0 flail (protect)
rCold    . . .     Faith    .   (no shield)
rNeg     . . .     Spirit   .   a - +0 robe
rPois    +         Reflect  .   (no helmet)
rElec    .         Harm     .   (no cloak)
rCorr    .         Rampage  .   (no gloves)
Will     .....                  (no barding)
Stlth    ++........             (no amulet)
HPRegen  0.14/turn              t - ring of wizardry
MPRegen  0.11/turn              (no ring)

@: very slightly contaminated, very slow
A: AC +1, large, see invisible, deformed body, poison resistance, slowness 2,
spit poison 1, naga tail 1
a: Spit Poison


You were on level 4 of the Dungeon.
You visited 1 branch of the dungeon, and saw 4 of its levels.

You collected 99 gold pieces.

Inventory:

Hand Weapons
 d - a +0 club
 f - a +0 dagger
 i - a +0 short sword
 l - a +0 spear
 m - a +0 flail of protection (weapon)
 p - a +4 dagger
Missiles
 q - 10 poisoned darts
Armour
 a - a +0 robe (worn)
Jewellery
 t - a ring of wizardry (left hand)
Wands
 o - a wand of flame (15)
Scrolls
 b - a scroll of torment {unknown}
 c - 2 scrolls of immolation {unknown}
 e - 2 scrolls of enchant armour {unknown}
 h - 3 scrolls of identify {unknown}
 j - a scroll of brand weapon {unknown}
 n - a scroll of teleportation {unknown}
 r - a scroll of summoning {unknown}
 s - a scroll of vulnerability {unknown}
Potions
 g - a potion of curing {unknown}
 k - a potion of heal wounds {unknown}
 u - a potion of might {unknown}


   Skills:
 + Level 0.1 Fighting
 + Level 2.0 Dodging
 - Level 3.2 Stealth
 + Level 2.6 Spellcasting
 * Level 2.1 Conjurations
 + Level 4.3 Fire Magic


You had 4 spell levels left.
You knew the following spells:

 Your Spells              Type           Power      Damage    Failure   Level
a - Foxfire               Conj/Fire      48%        2x1d6     2%          1
b - Sticky Flame          Conj/Fire      12%        2d4       21%         4

Your spell library contained the following spells:

 Spells                   Type           Power      Damage    Failure   Level
 Conjure Flame            Conj/Fire      12%        6-21      6%          3
 Inner Flame              Hex/Fire       9%         N/A       10%         3
 Call Canine Familiar     Summ           2%         N/A       22%         3
 Gell's Gravitas          Tloc           1%         N/A       22%         3
 Lesser Beckoning         Tloc           1%         N/A       22%         3
 Portal Projectile        Hex/Tloc       4%         N/A       22%         3
 Teleport Other           Tloc           2%         N/A       22%         3
 Leda's Liquefaction      Hex/Erth       1%         N/A       56%         4
 Fireball                 Conj/Fire      6%         3d5       47%         5


Dungeon Overview and Level Annotations

Branches:
Dungeon (4/15)
 Temple: D:4-7

Altars:

Shops:
D:1 ?[


Innate Abilities, Weirdness & Mutations

Your serpentine skin is tough. (AC +1)
You have supernaturally acute eyesight. (SInv)
Armour fits poorly on your strangely shaped body.
Your system is resistant to poisons. (rPois)
You cover ground very slowly.
You can spit poison.
You have a snake-like lower body.


Message History

There is an open door here.
You see here a +0 whip.
There is an open door here.
Found an escape hatch in the floor.
Done exploring.
(D) Dungeon
Where to? (Enter - D:3, ? - help)
What level of the Dungeon? (default 1, ? - help)
There is a stone staircase leading down here.
You climb downwards.
Found a leather armour and a book of the Hunter.
Found a stone staircase leading down.
There is a stone staircase leading up here.
You pick up a book of the Hunter and begin reading...
You add the spells Call Canine Familiar, Portal Projectile and Leda's Liquefaction to your library.
Found an escape hatch in the floor.
An iguana comes into view.
The iguana hisses angrily.
The iguana bites you!
Found a stone staircase leading up.
Casting: Foxfire (safe; 2% risk of failure)
Confirm with . or Enter, or press ? or * to list all spells.
The spell is quite dangerous to cast (21% risk of failure)!
Continue anyway?
Aiming: Sticky Flame (quite dangerous; 21% risk of failure)
Press: ? - help, Shift-Dir - straight line, f - iguana
Aim: an iguana (100% to hit)
You miscast Sticky Flame.
You are very lightly contaminated with residual magic.
Energy rips through your body! The iguana bites you!
* * * LOW HITPOINT WARNING * * *
Casting: Sticky Flame (quite dangerous; 21% risk of failure)
Confirm with . or Enter, or press ? or * to list all spells.
The spell is quite dangerous to cast (21% risk of failure)!
Continue anyway?
Aiming: Sticky Flame (quite dangerous; 21% risk of failure)
Press: ? - help, Shift-Dir - straight line, f/p - iguana
Aim: an iguana (100% to hit)
You miscast Sticky Flame.
Strange energies run through your body!
* * * LOW HITPOINT WARNING * * *
The iguana bites you!
You die...

.≈≈ #.# #.# #.# .#≈
#≈##.# #.# #.#
≈≈≈##≈≈#.###.#####..
####..$...≈...........##
.<...#.≈##≈.#########.##
...#≈ ###..## #...
#.≈≈##.##..# ####
#.≈l#.#..≈## #@###≈≈≈#
### #####


You could see an iguana.

Vanquished Creatures
  A gnoll (D:2)
  6 adders
  2 dart slugs
  2 orcs (D:3)
  5 endoplasms
  4 giant cockroaches
  2 goblins (D:1)
  2 hobgoblins (D:1)
  5 jackals
  A quokka (D:1)
  2 ball pythons (D:2)
  4 bats
  3 frilled lizards
  8 kobolds
  2 rats
49 creatures vanquished.

Vanquished Creatures (others)
  169 foxfires
  4 toadstools (D:1)
173 creatures vanquished.

Grand Total: 222 creatures vanquished

Notes
Turn   | Place    | Note
-------+----------+-------------------------------------------
     0 | D:1      | rogsnak the Naga Fire Elementalist began the quest for the
                  | Orb.
     0 | D:1      | Reached XP level 1. HP: 15/15 MP: 3/3
   293 | D:1      | Reached XP level 2. HP: 22/22 MP: 0/5
   623 | D:1      | Found Laec's Antique Armour Shoppe.
   707 | D:1      | Found Qosikhap's Magic Scroll Shop.
   884 | D:1      | Reached XP level 3. HP: 28/28 MP: 3/6
  1648 | D:2      | Reached skill level 4 in Fire Magic
  1648 | D:2      | Reached XP level 4. HP: 36/36 MP: 1/7
  2145 | D:2      | Found a faded altar of an unknown god.
  3004 | D:3      | Learned a level 4 spell: Sticky Flame
  3136 | D:3      | Reached XP level 5. HP: 42/42 MP: 5/9
  3457 | D:4      | Mangled by an iguana

Illustrated notes

Levels and vault maps discovered:
D:1:      ldierk_walled_garden_2, layout_basic, serial_shops, shop, shop,
          st_stairs_6, amcnicky_mini_rare_corridor_liquid
D:2:      layout_loops_ring, ebering_ecumenical_altar_sacrificial
D:3:      layout_basic
D:4:      layout_loops_ring, grunt_temple_overflow_forces_of_nature,
          serial_rivers, chequers_serial_rivers_small_b,
          chequers_serial_rivers_room_b, chequers_serial_rivers_micro_d,
          chequers_serial_rivers_large_a, chequers_serial_rivers_micro_e,
          gammafunk_ghost_nasty_kobolds, lightli_minifort, uniq_duvessa,
          uniq_blork_the_orc

Skill      XL: |  1  2  3  4 |
---------------+-------------+-----
Fire Magic     | 4 |  4.3
Dodging        | 2 |  2.0
Conjurations   | 2 |  2.1
Fighting       | |  0.1
Stealth        | |  3.2
Spellcasting   | |  2.6

Action                   |  1- 3 |  4- 6 || total
-------------------------+-------+-------++-------
Melee: Unarmed           |     3 |       ||     3
       Club              |     3 |       ||     3
       Dagger            |     6 |       ||     6
       Flail             |       |     7 ||     7
 Cast: Foxfire           |    56 |    42 ||    98
 Abil: Spit Poison       |     4 |     2 ||     6
 Stab: Sleeping          |     1 |       ||     1
Armor: Robe              |     6 |     8 ||    14
Dodge: Dodged            |     9 |    11 ||    20
